 Dungeon Crawl Stone Soup version 0.31.0-9-g3a7656b989 (webtiles) character file.

Game seed: 17258883982445788901

121 Peloso the Shield-Bearer (level 4, 0/41 HPs)
             Began as a Minotaur Fighter on Jan 31, 2024.
             Slain by a gnoll
             ... wielding a +0 flail
              (3 damage)
             ... on level 3 of the Dungeon.
             The game lasted 00:02:29 (1289 turns).

Peloso the Shield-Bearer (Minotaur Fighter)         Turns: 1289, Time: 00:02:30

Health: 0/41       AC: 11    Str: 21    XL:     4   Next: 77%
Magic:  3/3        EV:  6    Int:  5    God:
Gold:   136        SH:  5    Dex: 11    Spells: 3/3 levels left

rFire   . . .        a - +0 long sword
rCold   . . .        d - +0 buckler
rNeg    + . .        c - +0 plate armour
rPois   .            (helmet restricted)
rElec   .            (no cloak)
rCorr   .            (no gloves)
SInv    .            (no boots)
Will    .....        (no amulet) Stlth
                     h - ring of positive energy
HPRegen 0.26/turn    (no ring)
MPRegen 0.08/turn

%: no passive effects
@: no status effects
A: horns 2, retaliatory headbutt
a: no special abilities


You were on level 3 of the Dungeon.
You visited 1 branch of the dungeon, and saw 3 of its levels.

You collected 136 gold pieces.

Inventory:

Hand Weapons
 a - a +0 long sword (weapon)
Armour
 b - a +0 scale mail
 c - a +0 plate armour (worn)
 d - a +0 buckler (worn)
Jewellery
 e - a +6 ring of intelligence
 h - a ring of positive energy (left hand)
Scrolls
 f - a scroll of vulnerability {unknown}
 g - 2 scrolls of identify {unknown}
 k - a scroll of teleportation {unknown}
Potions
 i - 2 potions of might
 l - 2 potions of heal wounds


   Skills:
 + Level 4.4 Fighting
 + Level 4.1 Long Blades
 + Level 4.2 Armour
 + Level 0.2 Dodging
 + Level 4.6 Shields


You had 3 spell levels left.
You didn't know any spells.
Your spell library contained the following spells:

 Spells                   Type           Power      Damage    Failure   Level
 Ensorcelled Hibernation  Hex/Ice        0%         N/A       100%        2
 Fugue of the Fallen      Necr           0%         N/A       100%        3
 Anguish                  Hex/Necr       0%         N/A       100%        4


Dungeon Overview and Level Annotations

Branches:
Dungeon (3/15)

Altars:


Innate Abilities, Weirdness & Mutations

You have a pair of horns on your head.
You reflexively headbutt those who attack you in melee.


Message History

The gnoll is moderately wounded.
The gnoll hits you with a +0 spear. The gnoll hits you but does no damage.
You slash the gnoll!
You kill the gnoll!
You block the gnoll's attack. The gnoll barely misses you.
You furiously retaliate!
You headbutt the gnoll!
Things that are here:
a +0 spear; a gnoll corpse You hit the gnoll.
You kill the gnoll!
The gnoll hits you from afar with a +0 spear. x2
The gnoll closely misses you. You furiously retaliate!
You headbutt the gnoll!
You kill the gnoll!
Your Long Blades skill increases to level 4!
Things that are here:
a +0 spear; a gnoll corpse You block the gnoll's attack.
Things that are here:
a +0 spear; a gnoll corpse You barely miss the gnoll.
The gnoll hits you with a +0 flail.
You hit the gnoll.
The gnoll is lightly wounded.
The gnoll hits you with a +0 flail.
You hit the gnoll but do no damage. Your headbutt misses the gnoll.
The gnoll is lightly wounded.
The gnoll hits you with a +0 flail.
You completely miss the gnoll.
The gnoll is lightly wounded.
The gnoll hits you with a +0 flail!
* * * LOW HITPOINT WARNING * * *
The gnoll hits you with a +0 flail.
* * * LOW HITPOINT WARNING * * *
You hit the gnoll. Your headbutt misses the gnoll.
The gnoll is moderately wounded.
The gnoll hits you with a +0 flail.
* * * LOW HITPOINT WARNING * * *
You closely miss the gnoll. Your headbutt misses the gnoll.
The gnoll is moderately wounded.
The gnoll hits you with a +0 flail.
You die...

...>..#.#
......#.#
......#.#
..g.....##
.........
g.....#.#
.......(#
#.#####g# #.
#@# #.# #)#
#.# #)# ##.##
#.# # ##...##
#.# #.#
#.##.....###.#
#.#
#............#
#.#
###.....#####
#.# ##...##
#.#


You could see a gnoll.

Vanquished Creatures
  An orc priest (D:3)
  3 gnolls (D:3)
  3 adders
  A ribbon worm (D:2)
  4 orcs (D:3)
  3 bats
  3 endoplasms
  2 giant cockroaches
  A goblin (D:2)
  2 hobgoblins
  A quokka (D:2)
  3 ball pythons
  2 frilled lizards (D:1)
  2 kobolds (D:2)
  A spectral hobgoblin (D:1)
32 creatures vanquished.

Notes
Turn   | Place    | Note
-------+----------+-------------------------------------------
     0 | D:1      | Peloso the Minotaur Fighter began the quest for the Orb.
     0 | D:1      | Reached XP level 1. HP: 19/19 MP: 0/0
   209 | D:1      | Found a faded altar of an unknown god.
   296 | D:1      | Reached XP level 2. HP: 27/27 MP: 1/1
   801 | D:2      | Reached XP level 3. HP: 33/33 MP: 2/2
  1044 | D:3      | Reached XP level 4. HP: 14/40 MP: 3/3
  1289 | D:3      | Slain by a gnoll

Illustrated notes

Levels and vault maps discovered:
D:1:      zaba_arrival_water, layout_loops_ring,
          dreamdust_ecumenical_altar_drowned_temple, chequers_garden
D:2:      minmay_spotlight, layout_rooms
D:3:      layout_loops_ring, nicolae_dithmenos_through_a_glass_darkly,
          mainiacjoe_overflow_concentric_impassable

Skill      XL: |  1  2  3  4 |
---------------+-------------+-----
Shields        | 4 |  4.6
Long Blades    | 3 4 |  4.1
Fighting       | 4 |  4.4
Armour         | 4 |  4.2
Dodging        | |  0.2

Action                     |  1- 3 |  4- 6 || total
---------------------------+-------+-------++-------
  Melee: Long sword        |    51 |    28 ||    79
         Headbutt          |     8 |     3 ||    11
    Use: Potion            |     3 |       ||     3
 Armour: Scale mail        |    24 |       ||    24
         Plate armour      |    11 |    28 ||    39
  Dodge: Dodged            |    22 |     5 ||    27
  Block: Buckler           |    11 |     6 ||    17
